 Dungeon Crawl Stone Soup version 0.24.0-1-gfbc8707 (webtiles) character file.

Game seed: 1309004044265428013, levelgen mode: deterministic

311 Buxparty the Spear-Bearer (level 6, 0/46 HPs)
             Began as a Merfolk Skald on Dec 30, 2019.
             Was an Initiate of Gozag.
             Killed from afar by an orc wizard (16 damage)
             ... with a puff of flame
             ... on level 4 of the Dungeon.
             The game lasted 00:09:01 (3663 turns).

Buxparty the Spear-Bearer (Merfolk Skald)           Turns: 3663, Time: 00:09:01

Health: 0/46       AC:  3    Str: 13    XL:     6   Next: 42%
Magic:  9/9        EV: 12    Int: 12    God:    Gozag
Gold:   180        SH:  0    Dex: 14    Spells: 8/9 levels left

rFire    x . .     SeeInvis .   a - +1 spear
rCold    + . .     Gourm    .   (no shield)
rNeg     . . .     Faith    .   b - +0 leather armour
rPois    .         Spirit   .   (no helmet)
rElec    .         Reflect  .   (no cloak)
rCorr    .         Harm     .   (no gloves)
MR       .....                  (no boots)
Stlth    +.........             (no amulet)
HPRegen  0.15/turn              j - ring of ice
MPRegen  0.11/turn              (no ring)

@: gold aura
A: change form in water, swift swim, stealthy swim
a: Potion Petition, Call Merchant, Bribe Branch, Renounce Religion


You were on level 4 of the Dungeon.
You worshipped Gozag.
Gozag was aware of your devotion.
You were not hungry.

You visited 1 branch of the dungeon, and saw 4 of its levels.

You collected 180 gold pieces.

Inventory:

Hand Weapons
 a - a +1 spear (weapon)
 g - a +1 hunting sling of flaming
 i - a +0 dagger
Armour
 b - a +0 leather armour (worn)
Jewellery
 j - a ring of ice (left hand)
Scrolls
 e - 2 scrolls of identify
 l - a scroll of magic mapping {unknown}
Potions
 c - a potion of agility {unknown}
 f - a potion of curing {unknown}
 h - a potion of flight {unknown}
 k - a potion of invisibility {unknown}
 m - a potion of brilliance {unknown}
Comestibles
 d - 6 rations


   Skills:
 - Level 2.6 Fighting
 + Level 8.8 Polearms
 - Level 0.9 Armour
 - Level 2.7 Dodging
 - Level 0.4 Stealth
 + Level 2.2 Spellcasting
 + Level 3.5 Charms


You had 8 spell levels left.
You knew the following spells:

 Your Spells              Type           Power        Failure   Level  Hunger
a - Infusion              Chrm           #...         8%          1    ##.....

Your spell library contained the following spells:

 Spells                   Type           Power        Failure   Level  Hunger
 Song of Slaying          Chrm           #.......     12%         2    ###....
 Shroud of Golubria       Chrm/Tloc      #.....       26%         2    ###....
 Regeneration             Chrm/Necr      #.........   45%         3    ####...
 Spectral Weapon          Hex/Chrm       #.......     45%         3    ####...


Dungeon Overview and Level Annotations

Branches:
Dungeon (4/15)
 Temple: D:4-7

Altars:
Cheibriados
Gozag
Uskayaw


Message History

You barely miss the orc.
The orc is moderately wounded.
You hit the orc.
The orc is almost dead.
The orc wizard casts a spell.
The orc wizard seems to speed up.
The orc barely misses you.
A bullfrog skeleton comes into view.
You closely miss the orc.
The orc is almost dead.
The orc wizard points at you and mumbles some strange words.
The puff of frost misses you. The orc closely misses you.
You hit the orc but do no damage.
The orc is almost dead.
The orc hits you.
You hit the orc.
You kill the orc!
The orc wizard gestures at you while chanting.
The puff of flame hits you! The fire burns you terribly!
You die...
Your body crumbles into a pile of gold.

######
##..#<#######
##...........##
#....@........#
##..##.......##
###..............#
#....?.............
###....o...........
###.Z.##o........
#...#......#.!.
..#...#..####..
....... .##


You could see an orc wizard and an orc.

Vanquished Creatures
  Sigmund (D:2)
  A howler monkey (D:4)
  An orc wizard (D:3)
  3 adders
  An ooze (D:3)
  A dart slug (D:1)
  3 leopard geckos
  3 orcs
  4 bats
  10 goblins
  8 hobgoblins
  2 quokkas (D:2)
  7 frilled lizards
  9 kobolds
  A quokka skeleton (D:4)
  6 rats
61 creatures vanquished.

Notes
Turn   | Place    | Note
-------+----------+-------------------------------------------
     0 | D:1      | Buxparty the Merfolk Skald began the quest for the Orb.
     0 | D:1      | Reached XP level 1. HP: 16/16 MP: 3/3
   176 | D:1      | Reached XP level 2. HP: 13/23 MP: 5/5
   665 | D:1      | Reached XP level 3. HP: 26/28 MP: 6/6
  1075 | D:2      | Reached skill level 4 in Polearms
  1194 | D:2      | Noticed Sigmund
  1881 | D:2      | Reached skill level 5 in Polearms
  1881 | D:2      | Reached XP level 4. HP: 30/34 MP: 7/7
  2017 | D:2      | Killed Sigmund
  2017 | D:2      | Reached skill level 7 in Polearms
  2017 | D:2      | Reached XP level 5. HP: 10/39 MP: 8/8
  2578 | D:3      | Reached skill level 8 in Polearms
  2578 | D:3      | Reached XP level 6. HP: 6/46 MP: 9/9
  2908 | D:3      | Found a hide-covered altar of Uskayaw.
  3010 | D:3      | Found a faded altar of an unknown god.
  3092 | D:3      | Became a worshipper of Gozag Ym Sagoz the Greedy
  3140 | D:3      | Found a snail-covered altar of Cheibriados.
  3663 | D:4      | Killed from afar by an orc wizard

Levels and vault maps discovered:
D:1:      dpeg_arrival_simpleton_c, layout_basic, chequers_serial_rivers_micro_d
D:2:      layout_rooms, minmay_door_square, uniq_sigmund
D:3:      layout_basic, nicolae_overflow_hidden_temple,
          chequers_ecumenical_altar_simple_redux, lemuel_altar_in_water
D:4:      layout_cave_pools, fedhas_altar_3, first_ration

Skill      XL: |  1  2  3  4  5 |
---------------+----------------+-----
Polearms       | 5 7 8 |  8.8
Fighting       | |  2.6
Armour         | |  0.9
Dodging        | |  2.7
Stealth        | |  0.4
Spellcasting   | |  2.2
Charms         | |  3.5

Action                   |  1- 3 |  4- 6 || total
-------------------------+-------+-------++-------
Melee: Spear             |   186 |   120 ||   306
  Use: Scroll            |       |     4 ||     4
 Stab: Sleeping          |     1 |       ||     1
  Eat: Ration            |     1 |     2 ||     3
Armor: Leather armour    |    24 |     6 ||    30
Dodge: Dodged            |    76 |    43 ||   119
